[Event "87th Spanish Championship 2022"]
[Site "Linares"]
[Date "2022.08.17"]
[Round "8.6"]
[White "Tejedor Fuente, Enrique"]
[Black "Garriga Cazorla, Pere"]
[Result "0-1"]
[ECO "B60"]
[WhiteElo "2419"]
[BlackElo "2505"]
[Annotator "TA"]
[PlyCount "132"]
[EventDate "2022.08.11"]
[EventType "swiss"]
[EventCountry "ESP"]
[SourceTitle "playchess.com"]
[Source "ChessBase"]
[SourceQuality "1"]
[TimeControl "5400+30"]

1. e4 c5 2. Nf3 Nc6 3. d4 cxd4 4. Nxd4 Nf6 5. Nc3 d6 6. Bg5 Bd7 7. Nb3 a6 8. Qd2 {[%emt 0:04:52] B60: Sicilian: Richter-Rauzer: Unusual Black 6th moves and 6...Bd7 without 7 Qd2.} e6 9. f3 b5 10. a4 {[%emt 0:03:18] The position is equal.} b4 {[%emt 0:02:34] [#]} 11. Nd1 $146 ({Predecessor:} 11. Ne2 Be7 12. Ng3 O-O 13. a5 h6 14. Be3 d5 15. Be2 Qb8 16. O-O Bd6 17. f4 dxe4 {0-1 (39) Kislov,M (2351)-Czarnota,P (2461) Polanica Zdroj 2005}) 11... Be7 12. Bxf6 Bxf6 13. Qxd6 Be5 14. Qc5 Qc7 15. g3 Bd6 16. Qe3 Na5 17. Nf2 O-O 18. Nxa5 Qxa5 19. Bc4 Bc5 {[%emt 0:04:27][%mdl 1024] Black has compensation.} 20. Qe2 Bd4 {[%emt 0:03:42] A strong pair of Bishops.} 21. Rd1 e5 22. b3 Kh8 23. O-O Bc6 24. Kg2 g6 {[%emt 0:00:32] [#]} (24... Qb6 $14) 25. Ng4 ({White should play} 25. h4 $1 $16) 25... f5 26. exf5 gxf5 {[%emt 0:00:06] [#]} 27. Rxd4 exd4 28. Qe5+ Qxe5 29. Nxe5 Bb7 30. Rd1 Kg7 31. Nd7 Rfd8 32. Nc5 Bd5 (32... Bc8 $1 $14 {should be considered.}) 33. Bxd5 $16 {[%emt 0:10:09][%mdl 64] Remove Defender} Rxd5 {[%emt 0:00:17][%mdl 4096] Endgame KRR-KRN} 34. Ne6+ Kf6 35. Nc7 Rad8 36. Nxd5+ Rxd5 {[%emt 0:00:05] KR-KR} 37. f4 a5 (37... Ke6 $16 {was necessary.} 38. Kf1 Rd8) 38. Kh3 Ke6 39. Kh4 Rc5 40. Rxd4 (40. Re1+ $16 Kf6 41. Re2) 40... Rxc2 $11 41. h3 Rc3 42. Rd8 Rxb3 43. Ra8 Kd5 $1 44. Rxa5+ Kc4 45. Rxf5 Ra3 46. Rf7 b3 {[%emt 0:01:01] Hoping for ...b2.} 47. Rc7+ Kd3 {[%emt 0:00:01] aiming for ...b2.} 48. Rd7+ Kc3 (48... Kc2 $5 49. Rc7+ Kb2 $11) 49. Rc7+ Kd3 {[%emt 0:00:40] And now ...b2 would win.} 50. Rxh7 {[%emt 0:01:00] Strongly threatening g4.} b2 51. Rb7 Kc3 52. Rc7+ Kd3 53. Rb7 Kc2 {[%emt 0:00:22] White must now prevent ...Rb3.} 54. Rxb2+ Kxb2 {[%emt 0:00:01] KR-KP} 55. f5 {[%emt 0:00:45] Threatens to win with Kg4.} Kc3 (55... Rxa4+ $2 56. Kg5 Ra3 57. Kf4 $18) 56. g4 Kd4 {[%emt 0:00:01] ( -> ...Ke5)} 57. g5 $2 {[%emt 0:00:34] This costs White the game.} (57. Kg5 $1 $11 {and White has nothing to worry.}) 57... Ke5 $19 58. f6 Ke6 ({And not} 58... Rxa4+ 59. Kh5 $11) 59. Kh5 $2 (59. Kg4 $19) 59... Kf7 $2 (59... Rxh3+ {mates} 60. Kg6 Rd3 61. Kh6 Rd7 62. Kh5 Kf5 63. Kh6 Ke6 64. f7 Kxf7 65. Kh5 Ra7 66. Kg4 Rxa4+ 67. Kf5 Ra5+ 68. Kf4 Rd5 69. Kg4 Re5 70. Kf4 Re7 71. Kf5 Kg7 72. Kg4 Kg6 73. Kf4 Re8 74. Kg4 Rf8 75. Kh4 Rf4+ 76. Kh3 Kxg5 77. Kg3 Rf8 78. Kh3 Kf4 79. Kg2 Kg4 80. Kh1 Kh3 81. Kg1 Kg3 82. Kh1 Rf1#) 60. a5 $2 (60. Kg4 $19) 60... Rxh3+ {[%emt 0:01:13] KR-K3P. Black mates.} 61. Kg4 Rh1 62. Kf5 Rf1+ 63. Ke5 Ra1 64. g6+ Kxg6 65. Ke6 Rxa5 66. f7 Ra6+ {[%emt 0:00:14] Weighted Error Value: White=0.46/Black=0.21 (precise)} 0-1

[Event "87th Spanish Championship 2022"]
[Site "Linares"]
[Date "2022.08.17"]
[Round "8.7"]
[White "Lopez Martinez, Josep Manuel"]
[Black "Carbonell Sancho, Marc"]
[Result "0-1"]
[ECO "E73"]
[WhiteElo "2486"]
[BlackElo "2284"]
[Annotator "TA"]
[PlyCount "74"]
[EventDate "2022.08.11"]
[EventType "swiss"]
[EventCountry "ESP"]
[SourceTitle "playchess.com"]
[Source "ChessBase"]
[SourceQuality "1"]
[TimeControl "5400+30"]

1. c4 Nf6 2. Nc3 g6 3. e4 d6 4. d4 Bg7 5. Be2 O-O 6. h4 e5 7. d5 {[%emt 0:00:32] E73: King's Indian: Averbakh Variation without 6...c5.} h5 {[%emt 0:00:11] Against g4} 8. Bg5 a5 9. Nf3 {[%emt 0:00:34] White is better.} Na6 10. Nd2 Bd7 {[%emt 0:03:00] [#]} 11. f3 $146 ({Predecessor:} 11. g4 Bxg4 12. Bxg4 hxg4 13. Bxf6 Qxf6 14. Qxg4 Nb4 15. Ke2 Nc2 16. Rag1 Nd4+ 17. Kf1 Bh6 {0-1 (46) Naumkin,I (2390)-Melnikov,A (2335) Moscow 1986}) 11... c6 12. Be3 Qe8 (12... Nc5 $14) 13. b3 (13. g4 $16) 13... Nh7 14. Na4 f5 15. Nb6 Rd8 16. Nxd7 Rxd7 17. Bd3 (17. a3 $14) 17... Nf6 18. a3 {[%emt 0:02:20] Prevents Nb4.} ({Much worse is} 18. exf5 Nb4 19. Ne4 gxf5 20. Nxf6+ Rxf6 $17) 18... Nc5 19. Bc2 (19. Qc2 $11) 19... cxd5 $1 $17 {[%emt 0:00:54] Hoping for ...d4. Black is more active.} 20. cxd5 fxe4 21. Nxe4 Ncxe4 22. Bxe4 Nxe4 23. fxe4 Rc7 24. a4 (24. Rc1 $17 {was necessary.} Rxc1 25. Qxc1) 24... Rc3 ({Black should try} 24... Qc8 $1 $19 {aiming for ...Rc2.} 25. Bd2 Rc3 $1) 25. Kd2 {[%emt 0:13:25] Now White is beyond hope.} (25. Bf2 $17) 25... Qc8 $19 26. Rh3 $2 {[%emt 0:12:13] [#]} ({Don't blunder} 26. Rc1 $2 {[#]} Rf2+ $3 27. Ke1 Rxg2 $19) (26. Rf1 Rxf1 27. Qxf1 Rxb3 28. Rc1 Rb2+ 29. Ke1) 26... Bh6 $1 27. Bxh6 Rf2+ 28. Ke1 Rxg2 29. Rh1 Qc5 (29... Rh3 $142 30. Rxh3 Qxh3) 30. Qd2 Rxd2 31. Bxd2 Rc2 {[%emt 0:01:17] ( -> ...Qd4)} 32. Kd1 Rb2 33. Rc1 Qd4 (33... Qf2 $142 34. Rc8+ Kf7 35. Rc2 Rb1+ 36. Bc1 Qf3+ 37. Kd2 Qxh1 38. Rc7+ Kf6 39. Ke2 Qg2+ 40. Kd1 Qf1+ 41. Kd2 Rxb3 42. Rc3 Qf2+ 43. Kd3 Qd4+ 44. Kc2 Rxc3+ 45. Kb2 Qb4+ 46. Ka1 Rxc1+ 47. Ka2 Qd2+ 48. Kb3 Rc3#) 34. Rc8+ {[%emt 0:00:33] Black is clearly winning.} Kf7 35. Rf1+ Ke7 36. Rc7+ Kd8 37. Rc2 Rb1+ {[%emt 0:00:07] Weighted Error Value: White=0.97/Black=0.44} 0-1

[Event "87th Spanish Championship 2022"]
[Site "Linares"]
[Date "2022.08.17"]
[Round "8.8"]
[White "Narciso Dublan, Marc"]
[Black "Silva Lucena, Cristian"]
[Result "1-0"]
[ECO "A45"]
[WhiteElo "2461"]
[BlackElo "2212"]
[Annotator "TA"]
[PlyCount "139"]
[EventDate "2022.08.11"]
[EventType "swiss"]
[EventCountry "ESP"]
[SourceTitle "playchess.com"]
[Source "ChessBase"]
[SourceQuality "1"]
[TimeControl "5400+30"]

1. d4 Nf6 2. Bg5 d5 3. e3 c5 4. Bxf6 gxf6 5. Bb5+ Nc6 6. dxc5 {[%emt 0:00:37] D00: 1 d4 d5: Unusual lines.} Qa5+ 7. Nc3 a6 8. Bxc6+ {[%emt 0:02:51] White is slightly better.} (8. Ba4 $5 ) 8... bxc6 {[%emt 0:00:07] [#]} 9. Nge2 $146 ({Predecessor:} 9. Qd4 Rb8 10. O-O-O Rb4 11. Qd2 Qxc5 12. Nge2 e5 13. f4 Qb6 14. b3 Bc5 15. Kb2 Bxe3 16. Nxd5 cxd5 17. Qxd5 {0-1 (28) Reinert,S (2097)-Suvorov,A (2392) Tegernsee 2021}) 9... Qxc5 10. O-O Bg4 11. Qd2 Rg8 12. Kh1 e5 13. f4 Rb8 14. fxe5 fxe5 15. Ng3 Rg6 (15... Rxb2 $2 16. Nge4 $1 Qc4 17. Nf6+ Kd8 18. Nxg8 $18) 16. Na4 (16. b3 $1 $11 {keeps the balance.}) 16... Qb4 $36 {[%emt 0:02:03][%mdl 2048] Black is in control.} 17. Qf2 Be6 18. b3 Qh4 $1 {[%emt 0:01:30] Inhibits e4.} 19. Nf5 Qxf2 20. Rxf2 Rb4 21. Raf1 Rbg4 22. g3 d4 (22... R6g5 $17 23. Rf3 Rh5) 23. exd4 $11 exd4 24. Rf4 Bd5+ 25. Kg1 Rxf4 26. Rxf4 Re6 (26... c5 $11 {remains equal.}) 27. Nxd4 $16 {[%emt 0:08:24] Pair of Knights!} Re1+ 28. Kf2 Rd1 29. Ke2 {[%emt 0:05:16] Prevents Rd2+.} Rh1 30. Rh4 Be7 31. Rxh7 Bf6 {[%emt 0:00:17] [#] Prevents Rh8+.} (31... Be4 $16 32. Rh8+ Kd7) 32. Nf5 $1 $18 Be6 {[%emt 0:00:54] [#]} (32... Ra1 {was necessary.} 33. Rh6 Be5) 33. Ne3 $1 Bd4 34. Kd3 Ba7 35. Rh5 Ke7 36. Nc5 Bc8 37. h4 Rh3 38. Ne4 Rh1 39. Rh8 Re1 40. Rxc8 {[%emt 0:00:18] Rc7+ is the strong threat.} Rxe3+ {[%emt 0:00:12][%mdl 4096] Endgame KRB-KRN} 41. Kd2 Kd7 {[%emt 0:00:23] [#] Inhibits Rc7+.} (41... Bd4 $142 42. Rc7+ (42. Rxc6 Rxe4 43. Kd3 f5 $18) 42... Kd8 43. Rxc6 Rxe4) 42. Ra8 $1 Bd4 (42... Bb6 43. Rxa6) 43. c3 Rxe4 44. cxd4 {[%emt 0:00:08] KR-KR} Rg4 45. Rxa6 Rxg3 46. Ra5 Rg4 47. d5 (47. Kc3 $142) 47... Rxh4 $2 (47... cxd5 48. Rxd5+ Ke6) 48. dxc6+ ({Not} 48. Ra7+ Kd6 $16) 48... Kxc6 49. Kc3 $2 (49. a4 $18 {is the precise move to win. aiming for Rf5.} Rh3 50. Kc2) 49... Rf4 {[%emt 0:00:28][%mdl 8192] Prevents Rf5. A mistake that costs the game.} (49... Rh3+ $16 50. Kb4 Rh4+ 51. Ka3 Kd7) 50. a4 f5 51. Ra6+ Kd5 52. Rf6 Rf1 53. Kb4 f4 54. a5 f3 55. Kb5 f2 56. b4 Ke5 57. Rf8 Kd6 58. a6 Kc7 59. Rf7+ Kc8 60. a7 Ra1 61. Rxf2 Rxa7 {[%emt 0:00:11] White mates.} 62. Rf8+ Kb7 63. Rf7+ Kb8 64. Rxa7 Kxa7 {[%emt 0:00:07] KP-K} 65. Kc6 Ka6 66. b5+ Ka7 67. Kc7 Ka8 68. Kb6 Kb8 69. Ka6 Ka8 70. b6 {[%emt 0:00:07] Weighted Error Value: White=0.33/Black=0.40} 1-0

[Event "87th Spanish Championship 2022"]
[Site "Linares"]
[Date "2022.08.17"]
[Round "8.9"]
[White "Vega Gutierrez, Sabrina"]
[Black "Plazuelo Pascual, Juan"]
[Result "1/2-1/2"]
[ECO "B32"]
[WhiteElo "2366"]
[BlackElo "2448"]
[Annotator "TA"]
[PlyCount "76"]
[EventDate "2022.08.11"]
[EventType "swiss"]
[EventCountry "ESP"]
[SourceTitle "playchess.com"]
[Source "ChessBase"]
[SourceQuality "1"]
[TimeControl "5400+30"]

1. e4 c5 2. Nf3 Nc6 3. d4 cxd4 4. Nxd4 e5 5. Nb5 d6 6. c4 g6 {[%emt 0:01:00] 6...Be6 is becoming the main line. B32: Sicilian: Löwenthal and Kalashnikov Variations.} 7. Bd3 Nf6 8. N1c3 a6 9. Na3 Bg7 10. O-O {[%emt 0:00:20] [#]} O-O $146 ({Predecessor:} 10... Be6 11. Nc2 Rc8 12. Nd5 Bxd5 13. cxd5 Nd4 14. Nxd4 exd4 15. Bg5 h6 16. Bh4 Qa5 {1-0 (59) Zawadzka,J (2409)-Kulon,K (2305) Kruszwica 2022}) 11. Nc2 Be6 12. Nd5 Nd7 13. Be3 Rc8 14. Qd2 Bxd5 15. cxd5 Nd4 16. Rfc1 (16. Bg5 $5 Qb6 17. b4 $11) 16... Nc5 17. b4 Na4 (17... Nxd3 $15 18. Qxd3 {[#]} Rc3 $1) 18. Bf1 Nc3 {[%emt 0:15:07] Pair of Knights!} 19. f3 Qb6 20. Kh1 a5 (20... f5 $11) 21. b5 (21. bxa5 $16 Qb2 22. Bd3 (22. Nxd4 Qxd2 23. Bxd2 exd4 $14) (22. Bxd4 exd4 23. Bd3 Rc5 $15)) 21... Qc5 $11 22. a4 Nb3 $1 23. Qe1 Qc7 24. Na3 $1 Nxa1 25. b6 $1 Qd7 26. Rxc3 Rxc3 27. Qxc3 {[%emt 0:00:03] [#] aiming for Bb5.} Qxa4 28. Qxa1 {[%emt 0:00:06] Threatens to win with Qc1.} Rc8 {[%emt 0:05:58] Against Qc1} 29. Qb2 {[%emt 0:02:16] Inhibits Qb3.} f5 30. Nb5 (30. exf5 $11 {feels stronger.} gxf5 31. Nb5) 30... Qd1 (30... f4 $1 $15 31. Bg1 (31. Nxd6 $2 Rc2 $19) 31... Rc2) 31. Kg1 $1 Rc2 32. Qa3 Bf8 {[%emt 0:01:31] ...f4 is the strong threat.} 33. Qd3 ({Don't blunder} 33. Qxa5 $2 f4 34. Bf2 Rc1 $19) ({But not} 33. Nxd6 $2 fxe4 34. fxe4 Qe1 $19) 33... Qxd3 34. Bxd3 Rb2 (34... Ra2 $1 $11) 35. Kf1 ({Not} 35. exf5 $2 Rb3 36. Bc4 Rxe3 $19) (35. Bc1 $1 $14 Rb3 36. Bf1) 35... Rb3 {[%emt 0:01:08] The position is equal.} 36. Ke2 {[%emt 0:00:33] Strongly threatening Bc1.} Rb2+ $1 37. Kf1 {[%emt 0:02:10] Hoping for Bc1.} Rb3 38. Ke2 {[%emt 0:00:05] And now Bc1 would win.} Rb2+ $1 {[%emt 0:00:02] Weighted Error Value: White=0.09 (flawless) /Black=0.11 (very precise)} 1/2-1/2

[Event "87th Spanish Championship 2022"]
[Site "Linares"]
[Date "2022.08.17"]
[Round "8.10"]
[White "Martinez-Conde Hernandez, Carlos"]
[Black "Asis Gargatagli, Hipolito"]
[Result "*"]
[WhiteElo "2205"]
[BlackElo "2514"]
[Annotator "TA"]
[PlyCount "33"]
[EventDate "2022.08.11"]
[EventType "swiss"]
[EventCountry "ESP"]
[SourceTitle "playchess.com"]
[Source "ChessBase"]
[SourceQuality "1"]
[TimeControl "5400+30"]

1. e4 c5 2. Nf3 d6 3. d4 cxd4 4. Nxd4 Nf6 5. Nc3 a6 6. Bg5 Nbd7 7. Qe2 {[%emt 0:00:08] 7.Qe2 is the modern continuation. B94: Sicilian Najdorf: 6 Bg5 Nbd7.} Qa5 8. Bd2 h5 {[%emt 0:00:17] [#]} 9. h3 $146 {[%emt 0:08:36] White is slightly better.} ({Predecessor:} 9. f4 e5 10. Nb3 Qc7 11. O-O-O b5 12. Nd5 Nxd5 13. exd5 g6 14. Kb1 Bg7 15. h3 {½-½ (33) Balzert,A (2305)-Kavc,A (2270) ICCF email 2019}) 9... g6 10. Nb3 Qc7 11. O-O-O Bg7 12. g3 b5 13. Bg2 {[%emt 0:00:50][%cal Oe4e5] [#] e5! is the strong threat.} Rb8 14. Kb1 e6 {[%emt 0:15:11] Inhibits Nd5.} 15. Bf4 ({White should try} 15. a3 $1 $11) 15... Ne5 $15 16. Bxe5 dxe5 17. Rhe1 {[%emt 0:06:09] Weighted Error Value: White=0.20 (precise) /Black=0.10 (very precise)} *

[Event "87th Spanish Championship 2022"]
[Site "Linares"]
[Date "2022.08.17"]
[Round "8.11"]
[White "Domingo Nunez, Ruben"]
[Black "Espinosa Aranda, Angel"]
[Result "1/2-1/2"]
[ECO "B47"]
[WhiteElo "2361"]
[BlackElo "2439"]
[Annotator "TA"]
[PlyCount "52"]
[EventDate "2022.08.11"]
[EventType "swiss"]
[EventCountry "ESP"]
[SourceTitle "playchess.com"]
[Source "ChessBase"]
[SourceQuality "1"]
[TimeControl "5400+30"]

1. e4 c5 2. Nf3 e6 3. d4 cxd4 4. Nxd4 Nc6 5. Nc3 Qc7 6. Be2 Nf6 7. O-O Be7 8. Be3 O-O 9. f4 d6 10. Qe1 Nxd4 11. Bxd4 e5 12. fxe5 dxe5 13. Qg3 Bc5 {[%emt 0:02:04] The position is equal.} 14. Bxc5 {[%emt 0:01:45] B83: Sicilian Scheveningen: 6 Be2, lines without ...a6.} Qxc5+ 15. Kh1 {[%emt 0:00:04] [#] Rxf6 is the strong threat.} Kh8 16. Rxf6 gxf6 17. Qh4 Rg8 $1 {[%emt 0:03:23] [#]} 18. Qxf6+ $146 ({Predecessor:} 18. Nd5 Rg7 19. b4 Qxc2 20. Bf3 Be6 21. Nxf6 Rc8 22. Rd1 Qc1 23. Nd5 Qg5 24. Qxg5 Rxg5 {0-1 (39) Mustaps,M (2189)-Kiselev,P (2036) Peterhof 2007}) 18... Rg7 19. Qd8+ Rg8 20. Qf6+ Rg7 21. Rd1 {[%emt 0:00:23] [#] White wants to mate with Rd8+.} Be6 22. Rd8+ Rxd8 23. Qxd8+ Rg8 24. Qf6+ Rg7 25. Qd8+ Rg8 26. Qf6+ Rg7 {[%emt 0:00:06] A balanced but interesting game.  Weighted Error Value: White=0.00 (flawless) /Black=0.00 (flawless)} 1/2-1/2

[Event "87th Spanish Championship 2022"]
[Site "Linares"]
[Date "2022.08.17"]
[Round "8.12"]
[White "Moreno Tejera, Emilio"]
[Black "Fernandez Lopez, Ruben"]
[Result "1-0"]
[ECO "B92"]
[WhiteElo "2420"]
[BlackElo "2324"]
[Annotator "TA"]
[PlyCount "71"]
[EventDate "2022.08.11"]
[EventType "swiss"]
[EventCountry "ESP"]
[SourceTitle "playchess.com"]
[Source "ChessBase"]
[SourceQuality "1"]
[TimeControl "5400+30"]

1. e4 c5 2. Nf3 d6 3. d4 cxd4 4. Nxd4 Nf6 5. Nc3 a6 6. Be2 e5 7. Nb3 Be7 8. O-O O-O 9. Qd3 Be6 10. Bd2 {[%emt 0:00:12] B92: Sicilian Najdorf: 6 Be2.} Qc7 11. a4 Nbd7 {[%emt 0:05:44] [#]} 12. Rfd1 $146 {[%emt 0:20:35] The position is equal.} ({Predecessor:} 12. Nd5 Bxd5 13. exd5 Rfc8 14. c4 a5 15. Rac1 Re8 16. Qh3 Bf8 17. g4 g6 18. Qg2 {1-0 (38) Kosakowski,J (2435)-Nasuta,G (2511) Kruszwica 2022}) 12... Rac8 13. a5 Bxb3 14. cxb3 Nc5 15. Qc4 Qd7 16. Qb4 d5 17. Nxd5 Nxd5 18. exd5 Rfd8 19. Bc3 Bd6 20. Qc4 f5 21. b4 Ne4 22. Qb3 Qe7 23. Be1 Nf6 24. Rac1 $36 {[%emt 0:04:16][%mdl 2048] White is in control.} e4 25. b5 axb5 26. Qxb5 (26. Bb4 $5) 26... Rxc1 27. Rxc1 Qe5 (27... Kh8 $14) 28. g3 $16 f4 $2 {[%emt 0:00:51][%mdl 8192] This move loses the game for Black.} (28... Qxd5 $2 29. Bc4 Qxc4 30. Rxc4 $18) (28... Qe7 $16) 29. Qxb7 $18 e3 {[%emt 0:03:48] [#] Threatens to win with ...exf2+.} 30. Rc8 exf2+ 31. Bxf2 Rxc8 32. Qxc8+ Bf8 33. Qe6+ Qxe6 34. dxe6 {[%emt 0:00:08] [#] Hoping for a6.} Ne4 35. Bc4 Be7 36. a6 {[%emt 0:00:33] Weighted Error Value: White=0.02 (flawless) /Black=0.64} 1-0

[Event "87th Spanish Championship 2022"]
[Site "Linares"]
[Date "2022.08.17"]
[Round "8.13"]
[White "Alvarez Fernandez, Enrique"]
[Black "Alonso Garcia, Aaron"]
[Result "0-1"]
[ECO "E13"]
[WhiteElo "2329"]
[BlackElo "2374"]
[Annotator "TA"]
[PlyCount "108"]
[EventDate "2022.08.11"]
[EventType "swiss"]
[EventCountry "ESP"]
[SourceTitle "playchess.com"]
[Source "ChessBase"]
[SourceQuality "1"]
[TimeControl "5400+30"]

1. d4 Nf6 2. c4 e6 3. Nc3 Bb4 4. Nf3 b6 5. Bg5 h6 6. Bh4 Bb7 7. e3 g5 8. Bg3 Ne4 9. Qc2 d6 10. Bd3 Bxc3+ 11. bxc3 f5 12. d5 Nd7 13. Bxe4 fxe4 14. Qxe4 Nc5 {[%emt 0:00:31] E13: Queen's Indian/Nimzo-Indian hybrid: 4 Nc3 Bb7 5 Bg5 h6 6 Bh4 Bb4.} 15. Qg6+ Kd7 $1 16. Nd4 Qg8 {[%emt 0:04:37] The position is equal.} 17. dxe6+ Nxe6 {[%emt 0:00:02] [#]} 18. Qxg8 $146 ({Predecessor:} 18. Qxe6+ Qxe6 19. Nxe6 Kxe6 20. f3 Ba6 21. Kf2 Bxc4 22. h4 Kd7 23. e4 Kc6 24. a3 {½-½ (41) Ruiz Jarabo,F (2285)-Canamas Soler,J (2289) ICCF email 2017}) 18... Raxg8 19. f3 g4 20. Kf2 h5 21. h4 {[%emt 0:02:34] Against Ng5} (21. Nxe6 $11 {remains equal.} Kxe6 22. h4) 21... gxf3 $17 22. gxf3 {[%emt 0:01:39] [#]} Rf8 $1 {[%emt 0:00:12] And now ...Nxd4 would win.} 23. Rhg1 Nxd4 24. cxd4 Rxf3+ 25. Ke2 Re8 26. Bf2 Rf7 {[%emt 0:01:07] Against Rg7} (26... Rf4 $17 {Hoping for ...Rxd4.} 27. Rg7+ Kc8) 27. Rg5 (27. Bg3 $1 $15) 27... c5 {[%emt 0:08:13] Strongly threatening ...cxd4.} 28. dxc5 Bf3+ ({Reject} 28... bxc5 $6 29. Bg3 $11) 29. Kd2 dxc5 30. Bg3 Kc8 31. Bf4 Rd7+ 32. Ke1 Bg4 {[%emt 0:02:59] Black is more active.} 33. Rd5 (33. a4 $15) 33... Re4 34. Rxd7 Bxd7 {[%emt 0:00:51][%mdl 4096] Endgame KRB-KRB} 35. Rc1 Be6 36. Kd2 Rxc4 37. Rxc4 Bxc4 {[%emt 0:00:02] KB-KB} 38. a3 Kd7 {[%emt 0:00:12] [#] ...b5 is the strong threat.} 39. Kc3 $2 (39. Bh6 $17) 39... Bd5 40. Kd3 Kc6 $2 (40... b5 $19 {and Black stays clearly on top.} 41. e4 Bc4+ 42. Ke3 a5) 41. Bb8 $2 (41. Bg5 $17) 41... a6 $19 42. e4 Be6 43. Be5 Kb5 $2 (43... b5 44. Bc3 Kb6) 44. Bc7 Kc6 $2 ({Better is} 44... Bf7 $19 {White must now prevent ...Bg8.} 45. Bd8 Kc6) 45. Bd8 $2 (45. Be5 $11 {and White has nothing to worry.}) 45... b5 46. Kc3 {[%emt 0:00:55] Against b4+} (46. Be7) 46... Bf7 47. Kd3 Bg6 $2 (47... b4 48. Bf6 Kb5) 48. Ke3 $2 (48. Be7) 48... b4 {[%emt 0:00:50] Threatens to win with ...Kb5.} 49. axb4 cxb4 {[%emt 0:00:01][%cal Bc5b4,Bb4b3][%mdl 32] Black mates.} 50. Kd4 Kb5 51. e5 a5 52. e6 a4 53. Bf6 a3 54. e7 b3 {[%emt 0:00:19] Weighted Error Value: White=0.98/Black=0.71} 0-1

[Event "87th Spanish Championship 2022"]
[Site "Linares"]
[Date "2022.08.17"]
[Round "8.14"]
[White "Alshameary Puente, Ismael"]
[Black "Medarde Santiago, Luis Marcos"]
[Result "1/2-1/2"]
[ECO "E65"]
[WhiteElo "2352"]
[BlackElo "2330"]
[Annotator "TA"]
[PlyCount "297"]
[EventDate "2022.08.11"]
[EventType "swiss"]
[EventCountry "ESP"]
[SourceTitle "playchess.com"]
[Source "ChessBase"]
[SourceQuality "1"]
[TimeControl "5400+30"]

1. d4 Nf6 2. c4 g6 3. Nf3 Bg7 4. g3 O-O 5. Bg2 d6 6. O-O c5 7. Nc3 Nc6 8. dxc5 dxc5 9. Be3 Be6 10. Nd2 Nd4 11. Nb3 Ng4 12. Bxd4 cxd4 13. Nd5 Bc8 14. h3 Ne5 15. Nxd4 Nxc4 16. Rc1 Nb6 17. Nb5 Nxd5 18. Qxd5 Qxd5 19. Bxd5 Bxh3 20. Rfd1 a6 21. Nc3 Rab8 22. Bf3 Be6 23. Nd5 Bxb2 24. Rb1 (24. Rc7 $17) 24... Ba3 $19 25. Nc7 Bc4 26. Rd4 {[%emt 0:01:27] [#]} Bxa2 ({Black should try} 26... b5 $1 $19 27. Nxa6 Rbd8) 27. Rxb7 $17 Bd6 28. Nxa6 Rxb7 29. Bxb7 Be6 30. Bf3 Rc8 31. Rd1 (31. Nb4 $17 {keeps fighting.}) 31... Bc4 32. Ra1 Kg7 33. Ra4 (33. Bb7 $142 Rd8 34. Bf3) 33... Bb5 $19 34. Ra1 Rc2 35. e3 h5 36. Bg2 Kf6 37. Nb4 Rd2 (37... Bxb4 $19 {and Black stays clearly on top.} 38. Rb1 {[#]} Bc3 $1 39. Rxb5 Be1) 38. Nd5+ $17 Kg7 39. Nc3 Bd7 40. Ne4 Rb2 41. Nxd6 exd6 42. Bd5 Rd2 43. Ra7 Rxd5 44. Rxd7 Kf6 45. Kg2 Ke6 46. Ra7 Rb5 47. Ra8 Kf5 48. Rd8 Rb6 49. Kf3 Ke6 50. Re8+ Kf6 51. Kg2 Rb5 52. Kf3 Rf5+ 53. Kg2 Re5 54. Rd8 Ke7 55. Ra8 Rf5 56. Ra7+ Ke6 57. Rb7 Ke5 58. Re7+ Kf6 59. Re8 $1 Rd5 60. Kf3 Ra5 61. Rd8 Ke7 62. Rb8 Ra4 63. Rc8 h4 64. gxh4 Rxh4 65. Ra8 Rb4 66. Kg3 Rb3 67. Kf4 Ke6 68. Re8+ Kf6 69. Rd8 Rb4+ 70. Kf3 Ke6 71. Re8+ Kf5 72. Rf8 f6 73. Rd8 Ke6 74. Re8+ Kf7 75. Rd8 Ke7 76. Rg8 g5 77. Kg3 Ke6 78. Re8+ Kf5 79. Rd8 Rb6 80. Re8 d5 81. Kf3 Rb1 82. Rd8 Rb5 83. Re8 Rb6 84. Rd8 Ke5 85. Re8+ Re6 86. Rd8 Rd6 87. Re8+ Kf5 88. Kg3 d4 89. exd4 Rxd4 90. Ra8 Ke5 91. Re8+ Kf5 92. Ra8 Kg6 93. Rg8+ Kf7 94. Ra8 Rb4 95. Ra6 Rd4 96. Rb6 Ke7 97. Ra6 Re4 98. Rb6 Kf7 99. Ra6 Rc4 100. Rb6 f5 101. Ra6 Rc3+ 102. Kg2 Rc1 103. Kg3 Rg1+ 104. Kf3 Re1 105. Kg3 Re6 106. Ra5 Kg6 107. Ra8 Re7 108. Rg8+ Kf6 109. Rf8+ Rf7 110. Rg8 Ra7 111. Rf8+ Ke6 112. Re8+ Kf7 113. Rb8 Ra3+ 114. Kg2 Kg6 115. Rg8+ Kh5 116. Rb8 Kg4 117. Rb4+ f4 118. Rb8 Rc3 119. Ra8 Rc2 120. Rf8 Rc3 121. Ra8 Rc7 122. Ra3 Rf7 123. Ra4 Kh4 124. Ra3 g4 125. Ra8 Kg5 126. Ra5+ Rf5 127. Ra8 Kh4 128. Rh8+ Rh5 129. Rg8 Rh7 130. Kh2 Ra7 131. Kg2 f3+ 132. Kh2 Ra1 133. Rh8+ Kg5 134. Rg8+ Kf5 135. Rf8+ Ke4 136. Rg8 Kd3 137. Rb8 Rf1 (137... Rd1 $5 138. Re8 Rf1 $11) 138. Rb2 $1 Rd1 139. Kg3 Rg1+ 140. Kf4 Rg2 141. Ra2 Kc3 142. Ke3 Rg1 143. Ra3+ Kb4 144. Ra8 Kc5 145. Rg8 Kd5 146. Rg5+ Ke6 147. Kf4 Rg2 148. Rxg4 Rxf2 149. Ke4 1/2-1/2